 Dungeon Crawl Stone Soup version 0.28-a0-533-g9f97627e2a (webtiles) character file.

Game seed: 14967458777056846910

1323 miscthings the Magician (level 8, -3/54 HPs)
             Began as a Djinni Conjurer on Sept 26, 2021.
             Was a Follower of Makhleb.
             Slain by a wight (9 damage)
             ... on level 7 of the Dungeon.
             The game lasted 00:09:40 (7035 turns).

miscthings the Magician (Djinni Conjurer)           Turns: 7035, Time: 00:09:40

Health: -3/54      AC:  4    Str:  6    XL:     8   Next: 90%
Gold:   271        EV: 12    Int: 22    God:    Makhleb [*.....] SH:  4 Dex: 12

rFire   + + .      SeeInvis .   (no weapon)
rCold   x . .      Faith    .   o - +0 buckler
rNeg    . . .      Spirit   .   a - +0 robe
rPois   ∞          Reflect  .   v - +0 helmet
rElec   .          Harm     .   (no cloak)
rCorr   .          Rampage  .   c - +0 pair of gloves
Will    .....                   (boots unavailable)
Stlth   ++........              (no amulet)
HPRegen 0.18/turn               k - ring of wizardry
MPRegen 0.00/turn               (no ring)

@: flying
A: sickness immunity, fire resistance 2, cold vulnerability 1, float, innate
caster, hp casting, extra vitality 1
a: Renounce Religion


You were on level 7 of the Dungeon.
You worshipped Makhleb.
Makhleb was aware of your devotion.
You visited 2 branches of the dungeon, and saw 8 of its levels.

You collected 323 gold pieces.
You spent 52 gold pieces at shops.

Inventory:

Armour
 a - a +0 robe (worn)
 c - a +0 pair of gloves (worn)
 o - a +0 buckler (worn)
 v - a +0 helmet (worn)
Jewellery
 k - a ring of wizardry (left hand)
 l - a ring of fire
 D - a ring of see invisible
Wands
 w - a wand of iceblast (5)
 C - a wand of paralysis (9)
Scrolls
 b - 2 scrolls of teleportation {unknown}
 e - a scroll of identify {@r1}
 h - 2 scrolls of fear
 i - a scroll of enchant armour {unknown}
 j - a scroll of noise {unknown}
 n - a scroll of brand weapon {unknown}
 p - 2 scrolls of fog
 q - 2 scrolls of magic mapping {unknown}
 r - a scroll of vulnerability {unknown}
 s - a scroll of immolation {unknown}
 t - a scroll of holy word {unknown}
 x - a scroll of blinking {unknown}
 y - a scroll of acquirement {unknown}
Potions
 d - 3 potions of might
 f - a potion of curing
 g - a potion of brilliance
 m - 2 potions of heal wounds
 u - 2 potions of attraction
 z - a potion of mutation {unknown}
 A - a potion of haste {unknown}
 B - a potion of lignification


   Skills:
 + Level 1.8 Fighting
 + Level 1.8 Armour
 + Level 3.2 Dodging
 - Level 1.5 Stealth
 + Level 1.9 Shields
 + Level 7.6 Spellcasting
 + Level 1.9 Evocations


You had 2 spell levels left.
You knew the following spells:

 Your Spells              Type           Power      Damage    Failure   Level
a - Searing Ray           Conj           84%        2d7       1%          2
b - Magic Dart            Conj           100%       1d8       1%          1
c - Dazzling Flash        Conj/Hex       84%        N/A       1%          3
d - Fulminant Prism       Conj/Hex       21%        3d13      1%          4
e - Iskenderun's Mystic   Conj/Tloc      42%        2d10      1%          4
f - Pain                  Necr           100%       1d9       1%          1
g - Slow                  Hex            42%        N/A       1%          2
h - Tukima's Dance        Hex            42%        N/A       1%          3
Your spell library was empty.

Dungeon Overview and Level Annotations

Branches:
Dungeon (6/15)             Temple (1/1) D:4

Altars:
Dithmenos
Elyvilon
Gozag
Hepliaklqana
Kikubaaqudgha
Makhleb
Qazlal
Sif Muna
Yredelemnul
The Shining One

Shops:
D:2 [   D:6 !

Annotations:
D:2 1 runed translucent door, Crazy Yiuf
D:6 3 runed translucent doors, bande's ghost, novice GrFi; heikuro's ghost, novice MiBe; ziggurnaut's ghost, novice SpVM


Innate Abilities, Weirdness & Mutations

You are immune to sickness and miasma.
You are immune to poison.
Your flesh is very heat resistant. (rF++)
You are vulnerable to cold. (rC-)
You float through the air rather than walking.
You learn spells naturally, not from books.
Your magical power is your life essence.
You have superior vitality. (+4 HP)


Message History

The howler monkey hoots and howls with incredible vigour!
The bullfrog hits you.
You hear a shout!
The searing ray hits the bullfrog!
You kill the bullfrog!
Makhleb accepts your kill.
The searing ray hits the wight!
The wight is heavily damaged.
The searing ray hits the howler monkey!
The howler monkey is almost dead.
Casting: Searing Ray (safe; 1% risk of failure)
Confirm with . or Enter, or press ? or * to list all spells.
Restarting spell: Searing Ray (safe; 1% risk of failure)
Press: ? - help, Shift-Dir - straight line, f - wight
Aim: a wight, wielding a +1 falchion and wearing a +0 robe (heavily damaged, 82% to hit)
The searing ray misses the wight.
The searing ray hits the howler monkey!
You kill the howler monkey!
Makhleb accepts your kill.
You feel better.
The searing ray hits the wight.
The wight is moderately damaged. (Press . to maintain the ray.)
The wight hits you with a +1 falchion!
The searing ray hits the wight.
The wight is severely damaged.
The searing ray hits the wight.
The wight is heavily damaged.
The wight hits you with a +1 falchion!
The wight hits you from afar with a +4 trident of freezing!
* * * LOW HITPOINT WARNING * * *
The wight freezes you!
* * * LOW HITPOINT WARNING * * *
Okay, then.
Press: ? - help, v - describe, . - travel
Here: a wight, wielding a +1 falchion and wearing a +0 robe (severely damaged)
The floor.
You can't see any enemies this would affect, really read the scroll of fear?
Okay, then.
You see here a +0 helmet.
The wight hits you with a +1 falchion!
You die...

##### . ##..@##
...##########.z#z.#######
8....†........###........
...##########[.#..#######
. ##z..## #####


You could see 2 wights.

Vanquished Creatures
  Sigmund (D:4)
  An ice beast (D:6)
  A necrophage (D:5)
  2 ogres
  A bullfrog (D:7)
  A scorpion (D:6)
  A howler monkey (D:7)
  An orc priest (D:5)
  A hound (D:6)
  5 iguanas
  A scorpion zombie (D:5)
  3 orc wizards
  A killer bee zombie (D:6)
  A hound skeleton (D:4)
  Robin (D:4)
  6 adders
  2 ufetubi
  2 adder skeletons (D:4)
  3 worms
  3 dart slugs
  17 orcs
  8 bats
  7 endoplasms
  5 giant cockroaches
  15 goblins
  11 hobgoblins
  4 quokkas
  8 ball pythons
  4 frilled lizards
  5 kobolds
  A quokka skeleton (D:4)
  9 rats
132 creatures vanquished.

Vanquished Creatures (collateral kills)
  Edmund (D:4)
  A hobgoblin (D:4)
2 creatures vanquished.

Vanquished Creatures (others)
  A dancing weapon (D:4)
  2 fulminant prisms (D:5)
  A withered plant (D:6)
4 creatures vanquished.

Grand Total: 138 creatures vanquished

Notes
Turn   | Place    | Note
-------+----------+-------------------------------------------
     0 | D:1      | miscthings the Djinni Conjurer began the quest for the Orb.
     0 | D:1      | Reached XP level 1. HP: 15/15 MP: 0/0
   134 | D:1      | Reached XP level 2. HP: 16/21 MP: 0/0
   791 | D:1      | Reached XP level 3. HP: 20/25 MP: 0/0
   791 | D:1      | Learned a level 1 spell: Pain
   912 | D:1      | Found a faded altar of an unknown god.
   939 | D:1      | Reached skill level 4 in Spellcasting
  1555 | D:2      | Found Ymoazuy's Armour Emporium.
  1680 | D:2      | Reached XP level 4. HP: 19/31 MP: 0/0
  2199 | D:2      | Found a runed translucent door.
  2200 | D:2      | Noticed Crazy Yiuf
  2859 | D:3      | Reached XP level 5. HP: 14/35 MP: 0/0
  2859 | D:3      | Learned a level 2 spell: Slow
  3485 | D:3      | Reached skill level 5 in Spellcasting
  3774 | D:4      | Reached XP level 6. HP: 7/40 MP: 0/0
  4230 | D:4      | Noticed an ogre
  4235 | D:4      | Killed an ogre
  4254 | D:4      | Reached skill level 6 in Spellcasting
  4367 | D:4      | Noticed Robin
  4381 | D:4      | Killed Robin
  4547 | D:4      | Noticed Edmund
  4576 | D:4      | Reached XP level 7. HP: 37/45 MP: 0/0
  4576 | D:4      | Learned a level 3 spell: Tukima's Dance
  4653 | D:4      | Killed Edmund
  4671 | D:4      | Killed Sigmund
  5023 | D:4      | Found a staircase to the Ecumenical Temple.
  5034 | Temple   | Entered the Ecumenical Temple
  5048 | Temple   | Became a worshipper of Makhleb the Destroyer
  5340 | D:5      | Entered Level 5 of the Dungeon
  5370 | D:5      | Reached skill level 7 in Spellcasting
  5500 | D:5      | Found an opulent altar of Gozag.
  5663 | D:5      | Reached XP level 8. HP: 43/50 MP: 0/0
  5671 | D:5      | Found a hazy altar of Hepliaklqana.
  6145 | D:6      | Found Egicez's Distillery.
  6160 | D:6      | Reached skill level 1 in Shields
  6386 | D:6      | Reached * piety under Makhleb
  6387 | D:6      | Reached skill level 1 in Armour
  6387 | D:6      | Reached skill level 1 in Evocations
  6393 | D:6      | Bought a potion of lignification for 39 gold pieces
  6393 | D:6      | Bought a potion of degeneration for 13 gold pieces
  6400 | D:6      | Found a runed translucent gate.
  6418 | D:6      | Reached skill level 1 in Fighting
  6425 | D:6      | Found a shadowy altar of Dithmenos.
  6957 | D:6      | Found a runed translucent gate.
  6958 | D:6      | Found a runed translucent gate.
  6959 | D:6      | Noticed heikuro's ghost (novice MiBe)
  6960 | D:6      | Noticed ziggurnaut's ghost (novice SpVM)
  6960 | D:6      | Noticed bande's ghost (novice GrFi)
  6990 | D:6      | You are sucked into a shaft and drop 1 floor!
  7035 | D:7      | Slain by a wight

Illustrated notes

Levels and vault maps discovered:
D:1:      dpeg_arrival_prison, layout_loops_ring,
          hellmonk_ecumenical_altar_leap_of_faith, minmay_tetromino_o4
D:2:      kennysheep_six_static_rooms, layout_basic, serial_shops, shop,
          skrybe_limestone_x, minmay_cut_off, uniq_crazy_yiuf_cottage
D:3:      layout_loops_corners, serial_park_tiny_pond, minivault_26
D:4:      layout_cave_pools, minmay_temple_entry_large_hall,
          minmay_ruined_shrine, uniq_robin, uniq_edmund, uniq_sigmund
D:5:      layout_cave_pods, kennysheep_mini_moat, overflow_temple_1_default,
          nicolae_gozag_seed_capital
D:6:      layout_basic, mainiacjoe_overflow_tiny_flanked, serial_shops,
          nicolae_stop_n_shop_2, gammafunk_ghost_cemetery
D:7:      layout_loops_ring, grunt_ministairs_2, minmay_misc_feat_hallway
Temple:   eino_temple_water

Skill      XL: |  1  2  3  4  5  6  7  8 |
---------------+-------------------------+-----
Spellcasting   | 4 5 6 7 |  7.6
Shields        | 1 |  1.9
Armour         | 1 |  1.8
Evocations     | 1 |  1.9
Fighting       | 1 |  1.8
Dodging        | 3 |  3.2
Stealth        | |  1.5

Action                   |  1- 3 |  4- 6 |  7- 9 || total
-------------------------+-------+-------+-------++-------
Melee: Unarmed           |       |     2 |       ||     2
 Cast: Magic Dart        |    24 |     2 |       ||    26
       Searing Ray       |    26 |    54 |    27 ||   107
       Tukima's Dance    |       |       |     2 ||     2
       Fulminant Prism   |       |       |     2 ||     2
       Iskenderun's Myst |       |       |     8 ||     8
  Use: Scroll            |       |       |     9 ||     9
Armor: Robe              |     3 |     7 |     1 ||    11
Dodge: Dodged            |     5 |    18 |    13 ||    36
Block: Buckler           |       |       |     5 ||     5

Table legend: (Time is in decaauts)
 A = Elapsed time spent in this place.
 B = Non-inter-level travel time spent in this place.
 C = Inter-level travel time spent in this place.
 D = Time resting spent in this place.
 E = Time spent auto-exploring this place.
 F = Levels seen in this place.
 G = Mean time per level.
                   A        B        C        D        E       F      G
               +--------+--------+--------+--------+--------+-----+--------+
         Total |   7036 |   6768 |    268 |   2346 |   3620 |   8 |  879.5 |
       Dungeon |   7011 |   6754 |    257 |   2346 |   3615 |   7 | 1001.6 |
        Temple |     24 |     14 |     10 |      0 |      5 |   1 |   24.0 |
               +--------+--------+--------+--------+--------+-----+--------+

Top non-repeatable levels by time:
     D:3: 1541 daAuts
     D:2: 1300 daAuts
     D:1: 1284 daAuts
     D:4: 1190 daAuts
     D:5: 1024 daAuts
     D:6: 625 daAuts
     D:7: 44 daAuts
  Temple: 24 daAuts
